 Dungeon Crawl Stone Soup version 0.22.0-16-gc6d26f6 (webtiles) character file.

2459 Amnesiac the Slinger (level 9, -3/72 HPs)
             Began as a Mummy Hunter on Aug 17, 2018.
             Was a Believer of Okawaru.
             Hit by a stone thrown by an orc warrior (8 damage)
             ... on level 7 of the Dungeon.
             The game lasted 00:09:22 (6301 turns).

Amnesiac the Slinger (Mummy Hunter)                 Turns: 6301, Time: 00:09:23

Health: -3/72      AC: 12    Str: 18    XL:     9   Next: 26%
Magic:  7/9        EV: 14    Int: 11    God:    Okawaru [**....]
Gold:   203        SH:  5    Dex: 12    Spells: 8/8 levels left

rFire    x . .     SeeInvis .   a - +1 hunting sling
rCold    + . .     Gourm    .   o - +0 buckler
rNeg     + + +     Faith    .   v - +0 swamp dragon scales
rPois    ∞         Spirit   .   j - +0 helmet
rElec    .         Reflect  .   (no cloak)
rCorr    .         Harm     .   x - +0 pair of gloves
MR       +....                  y - +0 pair of boots {Stlth+}
Stlth    +++.......             (no amulet)
HPRegen  0.22/turn              (no ring)
MPRegen  0.11/turn              (no ring)

@: heroism
A: no food or potions, fire vulnerability, cold resistance 1, negative energy
resistance 3, torment resistance, unbreathing
a: Heroism, Renounce Religion


You were on level 7 of the Dungeon.
You worshipped Okawaru.
Okawaru was pleased with you.
You were not hungry.

You visited 2 branches of the dungeon, and saw 8 of its levels.

You collected 405 gold pieces.
You spent 202 gold pieces at shops.

Inventory:

Hand Weapons
 a - a +1 hunting sling (weapon)
 b - a +1 whip of electrocution
 w - a +0 short sword
Missiles
 d - 56 sling bullets
 e - 102 stones (quivered)
 f - 4 silver javelins
 i - 3 tomahawks of returning
 q - 44 poisoned needles
 r - 13 tomahawks
Armour
 j - a +0 helmet (worn)
 o - a +0 buckler (worn)
 v - +0 swamp dragon scales (worn)
 x - a +0 pair of gloves (worn)
 y - a +0 pair of boots of stealth (worn)
Wands
 p - a wand of random effects (25)
 u - a wand of paralysis (10)
Scrolls
 c - 2 scrolls of enchant armour {!r}
 g - 7 scrolls of teleportation {!r}
 h - a scroll of identify {!r}
 k - a scroll of remove curse {!r}
 l - 3 scrolls of fog {!r, unknown}
 m - 2 scrolls of magic mapping {!r}
 n - 2 scrolls of immolation {!r}
 s - a scroll of noise {!r, unknown}
 t - a scroll of fear {!r}


   Skills:
 + Level 7.5(12.5) Fighting
 * Level 9.3(14.3) Slings
 - Level 1.5(6.5) Dodging
 - Level 0.7(5.7) Stealth


You had 8 spell levels left.
You didn't know any spells.
Your spell library was empty.

Dungeon Overview and Level Annotations

Branches:
Dungeon (7/15)             Temple (1/1) D:5

Altars:
Ashenzari
Cheibriados
Dithmenos
Elyvilon
Fedhas
Gozag
Hepliaklqana
Kikubaaqudgha
Makhleb
Nemelex Xobeh
Okawaru
Qazlal
Ru
Sif Muna
Trog
Uskayaw
Vehumet
Wu Jian
Xom
Yredelemnul
Zin
The Shining One

Shops:
D:4 %   D:7 [


Innate Abilities, Weirdness & Mutations

You do not eat or drink.
Your flesh is vulnerable to fire.
You are immune to poison.
Your flesh is cold resistant. (rC+)
You are immune to negative energy. (rN+++)
You are immune to unholy pain and torment.
You can survive without breathing.


Message History

The orc is moderately wounded.
The orc misses you. The orc hits you but does no damage.
Firing (i - inventory. (/) - cycle)
e - 110 stones (quivered)
Press: ? - help, Shift-Dir - straight line, f/p - orc
Aim: an orc, wielding a club (moderately wounded)
You shoot a stone. The stone hits the orc.
The orc is heavily wounded.
The orc closely misses you.
Firing (i - inventory. (/) - cycle)
e - 109 stones (quivered)
Press: ? - help, Shift-Dir - straight line, f/p - orc
Aim: an orc, wielding a club (heavily wounded)
You shoot a stone. The stone hits the orc!
You kill the orc!
Okawaru accepts your kill.
The orc warrior throws a stone.
The stone hits you but does no damage. The orc hits you but does no damage.
Firing (i - inventory. (/) - cycle)
e - 108 stones (quivered)
Press: ? - help, Shift-Dir - straight line, f - orc
Aim: an orc, wielding a trident of pain You shoot a stone.
The stone closely misses the orc.
The stone hits the orc.
The orc is heavily wounded.
The orc warrior throws a stone.
The stone hits you but does no damage. The orc barely misses you.
Firing (i - inventory. (/) - cycle)
e - 107 stones (quivered)
Press: ? - help, Shift-Dir - straight line, f/p - orc
Aim: an orc, wielding a trident of pain You shoot a stone.
The stone closely misses the orc. x2
The orc warrior throws a stone.
The stone hits you!
* * * LOW HITPOINT WARNING * * *
Firing (i - inventory. (/) - cycle)
e - 106 stones (quivered)
Press: ? - help, Shift-Dir - straight line, f/p - orc
Aim: an orc, wielding a trident of pain You shoot a stone.
The stone hits the orc.
The orc is almost dead.
You block the orc's attack.
The orc warrior throws a stone.
The stone hits you!
* * * LOW HITPOINT WARNING * * *
Firing (i - inventory. (/) - cycle)
e - 105 stones (quivered)
Press: ? - help, Shift-Dir - straight line, f/p - orc
Aim: an orc, wielding a trident of pain (almost dead)
You shoot a stone. The stone hits the orc.
You kill the orc!
Okawaru accepts your kill.
You gain the combat prowess of a mighty hero.
The orc warrior throws a stone.
The stone hits you but does no damage.
Firing (i - inventory. (/) - cycle)
e - 104 stones (quivered)
Press: ? - help, Shift-Dir - straight line, f - orc warrior
Aim: an orc warrior, wielding a war axe and wearing a plate armour You shoot a stone.
The stone hits the orc.
You kill the orc!
The orc warrior throws a stone.
The stone hits you!
* * * LOW HITPOINT WARNING * * *
Firing (i - inventory. (/) - cycle)
e - 103 stones (quivered)
Press: ? - help, Shift-Dir - straight line, f/p - orc warrior
Aim: an orc warrior, wielding a war axe and wearing a plate armour You shoot a stone.
The stone hits the orc warrior!
The orc warrior is moderately wounded.
The orc warrior throws a stone.
The stone hits you but does no damage.
Evoke which item? (* to show all) (? for menu, Esc to quit)
Aiming: Paralyse
Press: ? - help, Shift-Dir - straight line, f/p - orc warrior
Aim: an orc warrior, wielding a war axe and wearing a plate armour (moderately wounded, chance to defeat MR: 46%)
The orc warrior resists with some effort.
The orc warrior throws a stone.
The stone hits you!
You die...

#..#..###)....##(..(((..#
#.#####
#.....##.[(.((#..# #..
#.....##..(...# #
...########.†...##)(....#
....
....>...!...........#
#####
#####......(..(.(..(...
#.#####(##...(..###
#.####)(##......#
#.#.@)o###......#
#...#### #......# #####
########


You could see an orc warrior.

Vanquished Creatures
  Sigmund (D:2)
  2 sky beasts
  A phantom (D:6)
  3 orc warriors
  An eye of draining (D:6)
  2 ogres
  A centaur (D:6)
  3 bullfrogs (D:6)
  A scorpion (D:5)
  2 jellies
  3 crimson imps (D:5)
  A bullfrog zombie (D:6)
  6 orc priests
  A hound (D:6)
  An iguana (D:5)
  Jessica (D:2)
  9 orc wizards
  7 worker ants
  A hound skeleton (D:4)
  A worker ant zombie (D:5)
  5 gnolls
  9 adders
  4 worms
  A dart slug (D:2)
  5 leopard geckos
  35 orcs
  2 ball pythons
  6 bats
  4 giant cockroaches
  9 goblins
  4 hobgoblins
  13 jackals
  3 quokkas
  5 frilled lizards
  3 kobolds
  A quokka zombie (D:6)
  3 rats
160 creatures vanquished.

Vanquished Creatures (others)
  A human (D:4)
1 creature vanquished.

Grand Total: 161 creatures vanquished

Notes
Turn   | Place    | Note
-------+----------+-------------------------------------------
     0 | D:1      | Amnesiac the Mummy Hunter began the quest for the Orb.
     0 | D:1      | Reached XP level 1. HP: 16/16 MP: 1/1
   340 | D:1      | Reached XP level 2. HP: 22/22 MP: 2/2
   983 | D:2      | Reached XP level 3. HP: 16/28 MP: 3/3
  1141 | D:2      | Reached skill level 4 in Slings
  1330 | D:2      | Reached XP level 4. HP: 34/35 MP: 4/4
  1365 | D:2      | Noticed Jessica
  1376 | D:2      | Killed Jessica
  1446 | D:2      | Reached XP level 5. HP: 34/41 MP: 5/5
  1752 | D:2      | Noticed Sigmund
  1760 | D:2      | Killed Sigmund
  1760 | D:2      | Reached skill level 5 in Slings
  1760 | D:2      | Reached XP level 6. HP: 46/48 MP: 6/6
  2572 | D:4      | Found an ancient bone altar of Kikubaaqudgha.
  2596 | D:4      | Noticed a human
  2598 | D:4      | Killed a human
  2974 | D:4      | Found Qanax's Food Boutique.
  3062 | D:5      | Entered Level 5 of the Dungeon
  3125 | D:5      | Reached skill level 6 in Slings
  3237 | D:5      | Reached XP level 7. HP: 17/55 MP: 7/7
  3453 | D:5      | Reached skill level 5 in Fighting
  3742 | D:5      | Found a staircase to the Ecumenical Temple.
  3841 | Temple   | Entered the Ecumenical Temple
  4144 | D:5      | Reached skill level 7 in Slings
  4411 | D:5      | Reached XP level 8. HP: 63/63 MP: 8/8
  4413 | D:5      | Found an iron altar of Okawaru.
  4627 | D:5      | Became a worshipper of Warmaster Okawaru
  4970 | D:6      | Reached skill level 8 in Slings
  5456 | D:6      | Reached * piety under Okawaru
  5757 | D:6      | Reached XP level 9. HP: 61/72 MP: 4/9
  6039 | D:7      | Found Orchojao's Antique Armour Emporium.
  6045 | D:7      | Bought a pair of runed boots for 202 gold pieces
  6191 | D:7      | Reached ** piety under Okawaru
  6191 | D:7      | Reached skill level 9 in Slings
  6301 | D:7      | Hit by a stone thrown by an orc warrior

Skill      XL: |  1  2  3  4  5  6  7  8  9 |
---------------+----------------------------+-----
Slings         | 4 5 6 7 8 9 |  9.3
Fighting       | 3 4 5 7 |  7.5
Dodging        | |  1.5
Stealth        | |  0.7

Action                   |  1- 3 |  4- 6 |  7- 9 || total
-------------------------+-------+-------+-------++-------
Melee: Short sword       |    52 |    54 |       ||   106
       Whip              |       |       |    10 ||    10
       Hunting sling     |       |       |     3 ||     3
 Fire: Hunting sling     |    73 |   171 |   519 ||   763
Throw: Javelin           |    10 |     4 |       ||    14
       Stone             |     2 |       |       ||     2
Invok: Heroism           |       |       |     1 ||     1
Evoke: Wand              |       |       |     6 ||     6
  Use: Scroll            |     2 |     7 |       ||     9
 Stab: Paralysed         |       |       |     6 ||     6
Armor: Leather armour    |    22 |       |       ||    22
       Ring mail         |    28 |    31 |       ||    59
       Chain mail        |       |    29 |     4 ||    33
       Swamp dragon scal |       |       |   126 ||   126
Dodge: Dodged            |    89 |    53 |    94 ||   236
Block: Buckler           |       |     7 |    33 ||    40
